 Dungeon Crawl Stone Soup version 0.20.0-15-g7f486f2 (webtiles) character file.

19679 Chiseanne the Fighter (level 12, -17/150 HPs)
             Began as a Demonspawn Wanderer on June 22, 2017.
             Was a High Priest of Makhleb.
             Demolished by a stone giant (39 damage)
             ... on level 12 of the Dungeon.
             The game lasted 00:57:00 (14958 turns).

Chiseanne the Fighter (Demonspawn Wanderer)        Turns: 14958, Time: 00:57:01

Health: -17/150    AC: 16    Str: 25    XL:     12   Next: 38%
Magic:  17/17      EV: 17    Int: 14    God:    Makhleb [*****.]
Gold:   721        SH:  4    Dex:  9    Spells: 16/18 levels left

rFire    + + .     SeeInvis .   a - +2 dagger (venom)
rCold    + . .     Gourm    .   B - +0 buckler
rNeg     . . .     Faith    .   U - +2 robe {rC+ rF+}
rPois    +         Spirit   .   (helmet restricted)
rElec    .         Reflect  .   J - +1 cloak
rCorr    +         Harm     .   V - +3 pair of gloves of the Wumpus {rPois rF+ rCorr Dex-5}
MR       +....                  G - +1 pair of boots {run}
Stlth    ..........             (no amulet)
Regen    0.4/turn               u - ring of protection from magic
MPRegen  0.2/turn               C - ring of stealth

@: berserking (expiring), very quick
A: horns 1, molten scales 2, clever 1, demonic guardian 1, powered by death 2,
strong 1, subdued magic 1
a: Minor Destruction, Lesser Servant of Makhleb, Major Destruction, Greater
Servant of Makhleb, Renounce Religion


You were on level 12 of the Dungeon.
You worshipped Makhleb.
Makhleb was extremely pleased with you.
You were hungry.

You visited 2 branches of the dungeon, and saw 13 of its levels.

You collected 721 gold pieces.

Inventory:

Hand Weapons
 a - a +2 dagger of venom (weapon)
 d - a +0 whip of electrocution
 e - a +0 blowgun
 s - a +2 flail of protection
 w - a +0 hand crossbow
 S - a +2 antimagic flail
Missiles
 g - 103 bolts
 n - 107 sling bullets
 z - 11 poisoned needles
Armour
 t - +0 fire dragon scales
 B - a +0 buckler (worn)
 F - a +2 robe of magic resistance
 G - a +1 pair of boots of running (worn)
 J - a +1 cloak (worn)
 K - +0 acid dragon scales
 U - a +2 robe of resistance (worn)
 V - the +3 pair of gloves of the Wumpus (worn) {rPois rF+ rCorr Dex-5}
   (You found it on level 8 of the Dungeon)

   It affects your dexterity (-5).
   It protects you from fire.
   It protects you from poison.
   It protects you from acid and corrosion.
Magical Staves
 j - an uncursed staff of earth
Jewellery
 c - an uncursed ring of magical power
 i - an uncursed ring of wizardry
 u - a ring of protection from magic (left hand)
 C - a ring of stealth (right hand)
Wands
 H - a wand of iceblast (3/15)
 P - a wand of paralysis (0/24)
 Q - a wand of confusion (11/48)
 R - a wand of clouds (0/9)
 Y - a wand of lightning (0/15)
Scrolls
 v - 4 scrolls of immolation
 x - 4 scrolls of enchant armour
 y - 2 scrolls of amnesia
 A - a scroll of teleportation
 D - 2 scrolls of fear
 E - a scroll of fog
 M - 4 scrolls of remove curse
Potions
 h - a potion of berserk rage
 l - a potion of agility {unknown}
 o - 3 potions of ambrosia
 r - 7 potions of curing
 I - 2 potions of cancellation {unknown}
 L - 2 potions of lignification
 T - a potion of mutation
 Z - a potion of degeneration {unknown}
Books
 b - the Collected Works on Weightlessness

   Spells                             Type                      Level
   a - Swiftness                      Charms/Air                   2
   b - Poisonous Vapours              Poison/Air                   2
 p - a book of Geomancy

   Spells                             Type                      Level
   a - Sandblast                      Earth                        1
   b - Passwall                       Transmutation/Earth          2
   c - Stone Arrow                    Conjuration/Earth            3
   d - Petrify                        Transmutation/Earth          4
   e - Lee's Rapid Deconstruction     Earth                        5
 X - a Young Poisoner's Handbook

   Spells                             Type                      Level
   a - Sting                          Conjuration/Poison           1
   b - Poisonous Vapours              Poison/Air                   2
   c - Mephitic Cloud                 Conjuration/Poison/Air       3
   d - Olgreb's Toxic Radiance        Poison                       4
   e - Venom Bolt                     Conjuration/Poison           5
Comestibles
 f - 12 bread rations
 k - 4 chunks of flesh
 m - 3 fruits
 O - 4 meat rations
 W - a royal jelly


   Skills:
 - Level 11.1 Fighting
   Level 4.0 Axes
 - Level 1.7 Crossbows
 - Level 1.0 Throwing
 - Level 7.7 Armour
 * Level 10.8 Dodging
 - Level 4.1 Shields
 * Level 3.9 Spellcasting
 - Level 1.7 Transmutations
 * Level 5.9 Invocations
 * Level 3.8 Evocations


You had 16 spell levels left.
You knew the following spells:

 Your Spells              Type           Power        Failure   Level  Hunger
a - Passwall              Tmut/Erth      #.........   17%         2    ##.....


Dungeon Overview and Level Annotations

Branches:
Dungeon (12/15)            Temple (1/1) D:4            Lair (0/6) D:9
    Orc (0/2) D:11

Altars:
Ashenzari
Cheibriados
Dithmenos
Elyvilon
Fedhas
Gozag
Hepliaklqana
Kikubaaqudgha
Makhleb
Nemelex Xobeh
Okawaru
Qazlal
Ru
Sif Muna
Trog
Uskayaw
Vehumet
Xom
Yredelemnul
Zin
The Shining One

Shops:
D:12 (


Innate Abilities, Weirdness & Mutations

You have a pair of small horns on your head.
You are mostly covered in molten scales. (AC +3)
A weak demonic guardian rushes to your aid.
You regenerate health from kills.
Your mind is acute. (Int +2)
Your muscles are strong. (Str +2)
Your spells are a little easier to cast, but a little less powerful.


Message History

The stone giant is severely wounded.
You hit the stone giant but do no damage.
The stone giant looks as sick as possible!
The stone giant is severely wounded.
Your quasit bites the stone giant but does no damage.
Your quasit claws the stone giant but does no damage.
Your quasit barely misses the stone giant.
The stone giant misses your quasit.
Your shadow imp hits the stone giant.
You catch the helpless stone giant completely off-guard!
You puncture the stone giant!
The stone giant looks as sick as possible!
You headbutt the stone giant, but do no damage.
The stone giant is severely wounded.
Your quasit disappears in a puff of smoke!
You hit the stone giant.
The stone giant looks as sick as possible!
You headbutt the stone giant, but do no damage.
The stone giant is almost dead.
The stone giant hits you!!!
You die...

#...#...# ..(. ###..>)÷..
#####.....##### .... ##....#####
....##........## ..# ##..#.......
.....#####.....#######..#..../#..
..... #.......# ###..##.....#..
.....#####(....####...###.....#.#
#.............####............#..
#####.....#######.............###
..........c((.§C@.#......##'####
..#####....#####5##....##......#
..# #....#####'##|(..##......##
### #.....#.....#....##......#.
#######...........#..........###.
....>.............#..............
..................####........##.
..................##..........##.
###..........###+###..........##.


You could see a stone giant, a centaur and a friendly shadow imp.

Vanquished Creatures
  A hydra (D:11)
  3 two-headed ogres
  Nergalle (D:10)
  2 wizards (D:7)
  Pikel (D:5)
  2 orc sorcerers (D:7)
  An ugly thing (D:12)
  A cyclops (D:12)
  Maurice (D:8)
  Joseph (D:8)
  Psyche (D:8)
  2 meliai (D:12)
  3 trolls
  4 slime creatures (D:12)
  2 hippogriffs
  A shadow (D:12)
  A spriggan (D:10)
  A wraith (D:10)
  7 yaks (D:10)
  2 wyverns
  2 hungry ghosts
  Grum (D:9)
  An acid dragon (D:12)
  2 porcupines (D:9)
  5 black bears
  An orc warrior (D:6)
  6 sky beasts
  A phantom (D:9)
  4 ice beasts
  A slave (D:5)
  5 ogres
  2 necrophages
  3 centaurs
  3 wolves (D:9)
  4 crocodiles
  A big kobold (D:11)
  Blork the orc (D:5)
  7 bullfrogs
  A wyvern skeleton (D:10)
  3 scorpions
  18 killer bees
  3 wights (D:6)
  2 howler monkeys (D:7)
  4 electric eels (D:10)
  5 crimson imps
  3 centaur zombies
  4 bullfrog zombies
  2 jellies
  4 orc priests
  3 centaur skeletons
  8 hounds
  7 iguanas
  4 bullfrog skeletons
  8 orc wizards
  5 worker ants
  A killer bee zombie (D:6)
  A hound zombie (D:9)
  8 gnolls
  12 adders
  2 shadow imps
  2 adder zombies
  2 adder skeletons
  2 worms
  6 dart slugs
  7 leopard geckos
  52 orcs
  A ball python (D:3)
  4 giant cockroaches
  5 goblins
  13 hobgoblins
  17 jackals
  5 quokkas
  8 bats
  8 frilled lizards
  A jackal skeleton (D:5)
  9 kobolds
  3 leopard gecko skeletons
  A quokka skeleton (D:9)
  12 rats
  A fungus (D:9)
  A plant (D:9)
356 creatures vanquished.

Vanquished Creatures (collateral kills)
  A fire dragon (D:11)
  A two-headed ogre (D:9)
  A centaur zombie (D:12)
  A troll (D:11)
  A slime creature (D:12)
  A yak (D:10)
  A hungry ghost (D:12)
  2 porcupines (D:9)
  A sky beast (D:4)
  A black bear (D:9)
  An ogre (D:6)
  The ghost of Chiseanne the Covered, an amateur DsWn (D:3)
  2 crocodiles (D:9)
  A bullfrog (D:6)
  A wight (D:6)
  2 worker ants
  A hound skeleton (D:6)
  A shadow imp (D:7)
  6 orcs
  A quokka (D:10)
28 creatures vanquished.

Vanquished Creatures (others)
  A frilled lizard (D:5)
  3 fungi (D:9)
  A plant (D:9)
5 creatures vanquished.

Grand Total: 389 creatures vanquished

Notes
Turn   | Place    | Note
-------+----------+-------------------------------------------
     0 | D:1      | Chiseanne the Demonspawn Wanderer began the quest for the Orb.
     0 | D:1      | Chiseanne set off with: a book of Geomancy, the Collected Works on Weightlessness, a +0 hand crossbow, 22 bolts, a +0 robe, a bread ration
     0 | D:1      | Reached XP level 1. HP: 15/15 MP: 2/2
     0 | D:1      | Identified the Collected Works on Weightlessness
   267 | D:1      | Reached skill level 1 in Dodging
   267 | D:1      | Gained mutation: You are partially covered in molten scales. (AC +2) [demonic ancestry]
   267 | D:1      | Reached XP level 2. HP: 21/21 MP: 3/3
   498 | D:1      | Reached skill level 2 in Fighting
   819 | D:2      | Gained mutation: You are mostly covered in molten scales. (AC +3) [demonic ancestry]
   819 | D:2      | Reached XP level 3. HP: 27/27 MP: 4/4
  1093 | D:2      | Gained mutation: A weak demonic guardian rushes to your aid. [demonic ancestry]
  1093 | D:2      | Reached XP level 4. HP: 34/34 MP: 5/5
  1817 | D:3      | Noticed Chiseanne's ghost (amateur DsWn)
  1855 | D:3      | Gained mutation: You tend to lose your temper in combat. [potion of mutation]
  1855 | D:3      | Gained mutation: Your muscles are strong. (Str +2) [potion of mutation]
  1855 | D:3      | Gained mutation: Your mind is acute. (Int +2) [potion of mutation]
  1865 | D:3      | Killed Chiseanne's ghost
  1865 | D:3      | Reached skill level 3 in Fighting
  1865 | D:3      | Reached XP level 5. HP: 18/41 MP: 6/6
  2038 | D:3      | Lost mutation: You tend to lose your temper in combat. [potion of mutation]
  2038 | D:3      | Lost mutation: Your muscles are strong. (Str +2) [potion of mutation]
  2038 | D:3      | Gained mutation: Your spells are a little easier to cast, but a little less powerful. [potion of mutation]
  2038 | D:3      | Gained mutation: You have a pair of small horns on your head. [potion of mutation]
  2038 | D:3      | Gained mutation: Your muscles are strong. (Str +2) [potion of mutation]
  2769 | D:3      | Reached XP level 6. HP: 39/47 MP: 7/7
  3294 | D:4      | Found a staircase to the Ecumenical Temple.
  3303 | Temple   | Entered the Ecumenical Temple
  3583 | Temple   | Became a worshipper of Makhleb the Destroyer
  3739 | D:4      | Reached skill level 4 in Fighting
  3813 | D:4      | Reached skill level 1 in Axes
  3816 | D:4      | Reached XP level 7. HP: 49/54 MP: 8/8
  4290 | D:5      | Entered Level 5 of the Dungeon
  4506 | D:5      | Noticed Blork the orc
  4507 | D:5      | Noticed Pikel
  4538 | D:5      | Killed Blork the orc
  4538 | D:5      | Reached skill level 5 in Fighting
  4558 | D:5      | Killed Pikel
  4558 | D:5      | Reached skill level 5 in Armour
  4558 | D:5      | Mutation became permanent: You have a pair of small horns on your head. [demonic ancestry]
  4558 | D:5      | Gained mutation: You have a pair of small horns on your head. [demonic ancestry]
  4558 | D:5      | Reached XP level 8. HP: 38/63 MP: 9/9
  4561 | D:5      | Reached * piety under Makhleb
  4706 | D:5      | Reached skill level 5 in Dodging
  5375 | D:6      | Reached skill level 6 in Fighting
  5733 | D:6      | Gained mutation: You regenerate a little health from kills. [demonic ancestry]
  5733 | D:6      | Reached XP level 9. HP: 68/69 MP: 10/10
  6184 | D:7      | Reached ** piety under Makhleb
  6402 | D:7      | Noticed an orc sorcerer
  6402 | D:7      | Noticed a wizard
  6402 | D:7      | Noticed a wizard
  6402 | D:7      | Noticed an orc sorcerer
  6408 | D:7      | Noticed a smoke demon
  6614 | D:5      | Noticed a rust devil
  6614 | D:5      | Noticed a rust devil
  6865 | D:8      | Reached skill level 7 in Fighting
  6885 | D:7      | Killed an orc sorcerer
  6917 | D:7      | Paralysed by an orc sorcerer for 4 turns
  6926 | D:7      | Killed an orc sorcerer
  7090 | D:7      | Killed a wizard
  7090 | D:7      | Reached skill level 8 in Fighting
  7361 | D:7      | Killed a wizard
  7361 | D:7      | Reached XP level 10. HP: 80/80 MP: 11/11
  7943 | D:8      | Noticed Psyche
  7966 | D:8      | Killed Psyche
  7970 | D:8      | Reached *** piety under Makhleb
  8025 | D:8      | Got a pair of faintly glowing gloves
  8029 | D:8      | Identified the +3 pair of gloves of the Wumpus {rPois rF+ rCorr Dex-5} (You found it on level 8 of the Dungeon)
  8266 | D:8      | Noticed Maurice
  8292 | D:8      | Killed Maurice
  8675 | D:8      | Noticed Joseph
  8703 | D:8      | Killed Joseph
  8703 | D:8      | Reached skill level 9 in Fighting
  9240 | D:9      | Noticed Grum
  9262 | D:9      | Killed Grum
  9684 | D:9      | Found a staircase to the Lair.
  9771 | D:9      | Reached XP level 11. HP: 72/89 MP: 12/12
  9865 | D:9      | Noticed a two-headed ogre
  9891 | D:9      | Killed a two-headed ogre
 10032 | D:9      | Reached **** piety under Makhleb
 10228 | D:9      | Reached skill level 10 in Fighting
 10392 | D:10     | Entered Level 10 of the Dungeon
 10596 | D:10     | Noticed Nergalle
 10630 | D:10     | Killed Nergalle
 11118 | D:10     | Noticed a two-headed ogre
 11138 | D:10     | Killed a two-headed ogre
 11313 | D:10     | Reached skill level 10 in Dodging
 12286 | D:10     | Reached skill level 11 in Fighting
 12414 | D:11     | Noticed a fire dragon
 12467 | D:11     | Killed a fire dragon
 12467 | D:11     | Reached skill level 1 in Invocations
 12475 | D:11     | Reached ***** piety under Makhleb
 12573 | D:11     | Noticed a seven-headed hydra
 12641 | D:11     | Noticed a five-headed hydra
 12777 | D:11     | Identified a +1 pair of boots of running (You found it on level 11 of the Dungeon)
 12856 | D:11     | Found a staircase to the Orcish Mines.
 12982 | D:11     | Learned a level 2 spell: Passwall
 13042 | D:11     | Reached skill level 1 in Evocations
 13146 | D:11     | Killed a five-headed hydra
 13182 | D:11     | Noticed a two-headed ogre
 13203 | D:11     | Killed a two-headed ogre
 13643 | D:12     | Gained mutation: You regenerate health from kills. [demonic ancestry]
 13643 | D:12     | Reached XP level 12. HP: 100/100 MP: 15/15
 13928 | D:12     | Noticed a two-headed ogre
 14005 | D:12     | Killed a two-headed ogre
 14005 | D:12     | Reached skill level 5 in Invocations
 14126 | D:12     | Found Kist's Antique Weapon Shop.
 14880 | D:12     | Noticed a stone giant
 14913 | D:12     | Noticed a frost giant
 14915 | D:12     | Noticed a tengu warrior
 14958 | D:12     | Demolished by a stone giant

Skill      XL: |  1  2  3  4  5  6  7  8  9 10 11 12 |
---------------+-------------------------------------+-----
Dodging        | 1 2 3 4 5 7 8 10 | 10.8
Fighting       | 2 3 4 5 6 8 9 11 | 11.1
Armour         | 2 3 5 7 |  7.7
Axes           | 1 3 4 |  4.0
Shields        | 3 4 |  4.1
Invocations    | 4 5 |  5.9
Evocations     | 2 3 |  3.8
Spellcasting   | 2 3 |  3.9
Crossbows      | |  1.7
Throwing       | |  1.0
Transmutations | |  1.7

Action                   |  1- 3 |  4- 6 |  7- 9 | 10-12 || total
-------------------------+-------+-------+-------+-------++-------
Melee: Hand axe          |       |    69 |     9 |       ||    78
       Dagger            |       |    95 |   248 |   881 ||  1224
       Headbutt          |       |    19 |    61 |   234 ||   314
       Flail             |       |       |    43 |   200 ||   243
       Whip              |       |       |       |    28 ||    28
 Fire: Hand crossbow     |    69 |    70 |     8 |     9 ||   156
       Blowgun           |       |     5 |     7 |    41 ||    53
Throw: Javelin           |       |       |       |     4 ||     4
       Throwing net      |       |       |       |     1 ||     1
Invok: Minor Destruction |       |       |       |     1 ||     1
Evoke: Wand              |       |       |     7 |    28 ||    35
       Phantom mirror    |       |       |       |     1 ||     1
  Use: Scroll            |     2 |     9 |    12 |    11 ||    34
       Potion            |       |     2 |       |     5 ||     7
 Stab: Distracted        |       |       |     1 |     2 ||     3
       Confused          |       |       |     1 |     1 ||     2
       Paralysed         |       |       |       |    22 ||    22
       Sleeping          |       |       |       |     2 ||     2
       Held in net/web   |       |       |       |     1 ||     1
  Eat: Chunk             |       |     9 |    11 |    32 ||    52
       Fruit             |       |       |     1 |     5 ||     6
Armor: Robe              |     4 |       |       |   359 ||   363
       Scale mail        |     2 |   120 |   136 |    59 ||   317
Dodge: Dodged            |    18 |   169 |   177 |   851 ||  1215
Block: Buckler           |       |       |       |   201 ||   201
